 Dungeon Crawl Stone Soup version 0.23.0 (webtiles) character file.

Game seed: 6144636547391188154

43431 inmateoo the Brawler (level 14, -11/126 HPs)
             Began as a Hill Orc Gladiator on Feb 9, 2019.
             Was a High Priest of Cheibriados.
             Mangled by a red ugly thing (13 damage)
             ... on level 15 of the Dungeon.
             The game lasted 00:21:40 (16725 turns).

inmateoo the Brawler (Hill Orc Gladiator)          Turns: 16725, Time: 00:21:40

Health: -11/126    AC: 16    Str: 35    XL:     14   Next: 24%
Magic:  10/23      EV: 17    Int: 23    God:    Cheibriados [*****.]
Gold:   1069       SH: 14    Dex: 26    Spells: 7/13 levels left

rFire    . . .     SeeInvis .     - Unarmed
rCold    . . .     Gourm    .   M - +2 shield
rNeg     + . .     Faith    .   p - +1 scale mail {rPois}
rPois    +         Spirit   .   I - +2 helmet
rElec    .         Reflect  .   (no cloak)
rCorr    .         Harm     .   (no gloves)
MR       ++...                  x - +2 pair of boots
Stlth    +.........             t - amulet of the acrobat
HPRegen  0.31/turn              a - ring of protection from magic
MPRegen  0.18/turn              s - ring of positive energy

@: very slow
A: no striking features
a: Bend Time, Temporal Distortion, Slouch, Step From Time, Renounce Religion


You were on level 15 of the Dungeon.
You worshipped Cheibriados.
Cheibriados was extremely pleased with you.
You were not hungry.

You visited 1 branch of the dungeon, and saw 15 of its levels.
You also visited: Sewer and Ossuary.

You collected 1372 gold pieces.
You spent 303 gold pieces at shops.

Inventory:

Hand Weapons
 i - a +5 short sword of venom
Missiles
 d - 3 throwing nets (quivered)
 D - 2 javelins
Armour
 p - a +1 scale mail of poison resistance (worn)
 x - a +2 pair of boots (worn)
 I - a +2 helmet (worn)
 M - a +2 shield (worn)
Jewellery
 a - a ring of protection from magic (left hand)
 s - a ring of positive energy (right hand)
 t - an amulet of the acrobat (around neck)
 w - an uncursed ring of positive energy
Wands
 c - a wand of scattershot (5)
 m - a wand of clouds (3)
 u - a wand of polymorph (12)
Scrolls
 g - 11 scrolls of remove curse
 j - 4 scrolls of blinking
 l - 8 scrolls of teleportation
 n - 4 scrolls of enchant weapon
 o - a scroll of fear
 y - 2 scrolls of fog
 z - 2 scrolls of identify
 A - 4 scrolls of magic mapping
 E - a scroll of enchant armour
 H - 2 scrolls of holy word
Potions
 b - 2 potions of invisibility
 e - 5 potions of brilliance
 h - 2 potions of cancellation
 k - a potion of magic
 q - 2 potions of might
 r - 2 potions of mutation {unknown}
 v - 5 potions of haste {unknown}
 C - 2 potions of ambrosia
 F - a potion of resistance
Miscellaneous
 B - a lamp of fire (inert)
Comestibles
 f - 31 rations


   Skills:
 + Level 12.2 Fighting
   Level 3.3 Long Blades
 - Level 1.7 Throwing
 + Level 10.2 Armour
 + Level 9.1 Dodging
 + Level 3.3 Shields
 * Level 15.0 Unarmed Combat
 - Level 12.0 Invocations


You had 7 spell levels left.
You knew the following spells:

 Your Spells              Type           Power        Failure   Level  Hunger
a - Blink                 Tloc           N/A          87%         2    ###....
b - Summon Lightning Spi  Summ/Air       #.......     100%        4    #####..

Your spell library contained the following spells:

 Spells                   Type           Power        Failure   Level  Hunger
 Magic Dart               Conj           #...         75%         1    ##.....
 Summon Small Mammal      Summ           #...         75%         1    ##.....
 Call Imp                 Summ           #.......     87%         2    ###....
 Slow                     Hex            #.......     87%         2    ###....
 Call Canine Familiar     Summ           #.......     98%         3    ####...
 Conjure Flame            Conj/Fire      #.......     98%         3    ####...
 Mephitic Cloud           Conj/Pois/Air  #.......     98%         3    ####...
 Summon Guardian Golem    Hex/Summ       #.......     98%         3    ####...
 Summon Ice Beast         Ice/Summ       #.......     100%        4    #####..


Dungeon Overview and Level Annotations

Branches:
Dungeon (15/15)            Temple (0/1) D:7            Lair (0/6) D:10
    Orc (0/2) D:12         Vaults (0/5) D:14         Depths (0/5) D:15

Altars:
Ashenzari
Cheibriados
Gozag
Hepliaklqana
Makhleb
Ru
Beogh

Shops:
D:4 !   D:9 [   D:10 (%!:


Message History

The red ugly thing is severely wounded.
You block the red ugly thing's attack. The red ugly thing pecks you.
You are engulfed in flames!
Unknown command.
You hit the red ugly thing.
The red ugly thing is severely wounded.
The red ugly thing gores you.
You are engulfed in flames!!
* * * LOW HITPOINT WARNING * * *
You block the red ugly thing's attack.
Unknown command.
You barely miss the red ugly thing.
The red ugly thing is severely wounded.
The red ugly thing gores you!
* * * LOW HITPOINT WARNING * * *
You are engulfed in flames!
* * * LOW HITPOINT WARNING * * *
The red ugly thing pecks you.
* * * LOW HITPOINT WARNING * * *
You are engulfed in flames!
You die...

# .# .##### ####
#######...... ...###
#.†))K....... ......
#)†K){......######...
#†.##u###...#....#...
..Ku #@u..# #....#...
.... #....# #....####
.). #....# #.......#
.. #....#####...###'#
. #....(.......#....
#............#####
#................#
#................#
#................#


You could see 2 ugly things and a big kobold.

Vanquished Creatures
  An ironheart preserver (D:14)
  Snorg (D:12)
  2 ice dragons (D:15)
  2 centaur warriors (D:14)
  3 hydras
  3 two-headed ogres
  A death yak (shapeshifter) (D:14)
  2 tengu warriors
  2 unseen horrors
  A deep elf mage (D:12)
  2 orc knights
  17 ugly things
  4 cyclopes
  An elephant (D:10)
  2 manticores
  2 gargoyles
  3 kobold demonologists
  A tengu conjurer (D:13)
  A queen bee (D:9)
  6 meliai
  2 polar bears (D:13)
  A troll (D:14)
  3 harpy skeletons
  A wind drake (shapeshifter) (D:13)
  5 slime creatures (D:14)
  4 hippogriffs
  Sigmund (D:3)
  3 centaur simulacra (D:13)
  3 water elementals (D:14)
  A shadow (D:14)
  A wraith (D:13)
  3 wyverns
  2 basilisks (D:14)
  2 yaks
  3 hungry ghosts
  4 vampire mosquitoes (D:15)
  Grum (D:8)
  A soldier ant (D:12)
  Edmund (D:6)
  3 acid dragons
  Duvessa (D:4)
  8 orc warriors
  A hornet zombie (D:15)
  4 ice beasts
  6 sky beasts
  6 phantoms
  3 wolves
  11 ogres
  2 crocodiles (D:10)
  8 centaurs
  8 big kobolds
  4 elf zombies
  16 bullfrogs
  A scorpion (D:13)
  Dowan (D:4)
  27 killer bees
  4 howler monkeys
  7 wights
  3 electric eels
  8 crimson imps
  A bullfrog zombie (D:13)
  7 orc priests
  3 centaur zombies
  9 jellies
  2 quasits
  A bullfrog skeleton (D:13)
  4 hounds
  2 human zombies
  11 orc wizards
  6 centaur skeletons
  5 iguanas
  9 worker ants
  2 big kobold zombies (Ossuary)
  A hound skeleton (D:7)
  2 mummies (Ossuary)
  2 worker ant zombies
  Robin (D:3)
  A howler monkey zombie (D:9)
  A river rat (D:5)
  20 adders
  3 shadow imps
  4 white imps (D:13)
  An ufetubus (D:13)
  3 oozes (D:1)
  An adder skeleton (D:10)
  2 adder zombies (Ossuary)
  3 worms
  7 dart slugs
  10 leopard geckos
  60 orcs
  10 giant cockroaches
  12 goblins
  11 hobgoblins
  13 jackals
  26 kobolds
  5 quokkas
  4 ball pythons
  7 bats
  8 frilled lizards
  A giant cockroach zombie (D:6)
  7 hobgoblin zombies (Ossuary)
  A jackal skeleton (D:4)
  2 jackal zombies (Ossuary)
  10 kobold zombies (Ossuary)
  A leopard gecko skeleton (D:6)
  3 orc skeletons (D:7)
  8 orc zombies (Ossuary)
  A quokka skeleton (D:4)
  8 rats
  2 rat zombies (Ossuary)
555 creatures vanquished.

Notes
Turn   | Place    | Note
-------+----------+-------------------------------------------
     0 | D:1      | inmateoo the Hill Orc Gladiator began the quest for the
                  | Orb.
     0 | D:1      | Reached XP level 1. HP: 18/18 MP: 1/1
     0 | D:1      | Noticed a jelly
     1 | D:1      | Found a runed translucent door.
   251 | D:2      | Reached skill level 1 in Unarmed Combat
   251 | D:2      | Reached XP level 2. HP: 17/25 MP: 2/2
   394 | D:2      | Noticed a bullfrog
   403 | D:2      | Killed a bullfrog
   403 | D:2      | Reached skill level 2 in Unarmed Combat
   403 | D:2      | Reached XP level 3. HP: 18/31 MP: 3/3
   403 | D:2      | Reached XP level 4. HP: 22/38 MP: 4/4
   551 | D:2      | Reached skill level 3 in Unarmed Combat
  1039 | D:3      | Noticed Sigmund
  1319 | D:3      | Noticed Robin
  1336 | D:4      | Found Itivvas's Distillery.
  1361 | D:4      | Reached XP level 5. HP: 36/46 MP: 5/5
  1526 | D:4      | Noticed an ogre
  1539 | D:4      | Killed an ogre
  1539 | D:4      | Reached skill level 4 in Unarmed Combat
  1539 | D:4      | Reached XP level 6. HP: 42/52 MP: 6/6
  1547 | D:4      | Bought a potion of lignification for 39 gold pieces
  1547 | D:4      | Bought a potion of curing for 39 gold pieces
  1745 | D:4      | Reached skill level 5 in Unarmed Combat
  1745 | D:4      | Reached XP level 7. HP: 60/60 MP: 7/7
  1773 | D:4      | Noticed Dowan
  1774 | D:4      | Noticed Duvessa
  1785 | D:4      | Killed Dowan
  1796 | D:4      | Killed Duvessa
  1796 | D:4      | Reached skill level 5 in Fighting
  1984 | D:4      | Found a snail-covered altar of Cheibriados.
  1999 | D:4      | Became a worshipper of Cheibriados the Contemplative
  2057 | D:4      | Reached skill level 6 in Unarmed Combat
  2354 | D:3      | Killed Sigmund
  2354 | D:3      | Reached XP level 8. HP: 53/70 MP: 8/8
  2501 | D:1      | Reached * piety under Cheibriados
  3076 | D:3      | Killed Robin
  3504 | D:3      | Reached ** piety under Cheibriados
  3555 | D:3      | Found a burning altar of Makhleb.
  3556 | D:3      | Found a hazy altar of Hepliaklqana.
  3557 | D:3      | Found a shattered altar of Ashenzari.
  4011 | D:5      | Entered Level 5 of the Dungeon
  4026 | D:5      | Reached skill level 1 in Armour
  4026 | D:5      | Reached skill level 7 in Unarmed Combat
  4168 | D:5      | Reached skill level 1 in Invocations
  4467 | D:5      | Found a glowing drain.
  4476 | Sewer    | Entered a sewer
  4652 | Sewer    | Reached *** piety under Cheibriados
  5077 | D:6      | Reached XP level 9. HP: 20/78 MP: 11/11
  5083 | D:6      | Reached skill level 8 in Unarmed Combat
  5102 | D:6      | Reached skill level 5 in Dodging
  5723 | D:6      | Noticed Edmund
  5727 | D:6      | Reached **** piety under Cheibriados
  5749 | D:6      | Killed Edmund
  5749 | D:6      | Reached skill level 5 in Invocations
  6656 | D:7      | Found a staircase to the Ecumenical Temple.
  6871 | D:7      | Found a sand-covered staircase.
  6881 | D:7      | Reached skill level 9 in Unarmed Combat
  6885 | Ossuary  | Entered an ossuary
  6899 | Ossuary  | Reached ***** piety under Cheibriados
  7144 | D:7      | Reached XP level 10. HP: 85/86 MP: 14/14
  8506 | D:8      | Noticed Grum
  8524 | D:8      | Killed Grum
  8524 | D:8      | Reached skill level 5 in Armour
  8570 | D:8      | Reached ****** piety under Cheibriados
  8828 | D:8      | Found a snail-covered altar of Cheibriados.
  8829 | D:8      | Found a sacrificial altar of Ru.
  8993 | D:9      | Reached skill level 10 in Unarmed Combat
  9172 | D:9      | Learned a level 2 spell: Blink
  9439 | D:9      | Reached XP level 11. HP: 63/95 MP: 17/17
  9644 | D:9      | Found Aquwkax's Antique Armour Boutique.
  9652 | D:9      | Bought a pair of glowing boots for 225 gold pieces
  9890 | D:10     | Entered Level 10 of the Dungeon
  9892 | D:10     | Found a staircase to the Lair.
 10086 | D:10     | Found an opulent altar of Gozag.
 10100 | D:10     | Found Fani's Book Shop.
 10172 | D:10     | Found Acoc's Distillery.
 10246 | D:10     | Reached skill level 11 in Unarmed Combat
 10254 | D:10     | Reached skill level 10 in Invocations
 10281 | D:10     | Found Moduschaduh's Food Shop.
 10302 | D:10     | Found Umuqik's Weapon Emporium.
 10308 | D:10     | Learned a level 4 spell: Summon Lightning Spire
 10684 | D:11     | Noticed a two-headed ogre
 10691 | D:11     | Killed a two-headed ogre
 10714 | D:11     | Killed an unseen horror
 11664 | D:12     | Noticed an orc knight
 11678 | D:12     | Killed an orc knight
 12020 | D:12     | Noticed a tengu warrior
 12020 | D:12     | Noticed a cyclops
 12026 | D:12     | Killed a cyclops
 12039 | D:12     | Killed a tengu warrior
 12191 | D:12     | Reached XP level 12. HP: 102/105 MP: 20/20
 12259 | D:12     | Found a staircase to the Orcish Mines.
 12280 | D:12     | Found a roughly hewn altar of Beogh.
 12399 | D:12     | Noticed Snorg
 12413 | D:12     | Killed Snorg
 12413 | D:12     | Reached skill level 12 in Unarmed Combat
 12685 | D:13     | Reached skill level 10 in Fighting
 13357 | D:13     | Noticed an eight-headed hydra
 13365 | D:13     | Killed an eight-headed hydra
 13628 | D:13     | Noticed an eight-headed hydra
 13635 | D:13     | Killed an eight-headed hydra
 13658 | D:13     | Noticed a tengu warrior
 13683 | D:13     | Killed a tengu warrior
 13683 | D:13     | Reached skill level 13 in Unarmed Combat
 13977 | D:13     | Reached XP level 13. HP: 75/115 MP: 22/22
 14770 | D:14     | HP: 1/116 [red ugly thing (18)]
 15169 | D:14     | Found a gate to the Vaults.
 15169 | D:14     | Noticed an ironheart preserver
 15194 | D:14     | Reached skill level 14 in Unarmed Combat
 15199 | D:14     | Killed an ironheart preserver
 16194 | D:15     | Entered Level 15 of the Dungeon
 16242 | D:15     | Reached skill level 1 in Shields
 16315 | D:15     | Noticed an ice dragon
 16316 | D:15     | Noticed an ice dragon
 16327 | D:15     | Killed an ice dragon
 16332 | D:15     | Killed an ice dragon
 16335 | D:15     | Found a staircase to the Depths.
 16678 | D:15     | Reached XP level 14. HP: 109/125 MP: 23/23
 16686 | D:15     | Reached skill level 10 in Armour
 16712 | D:15     | Reached skill level 15 in Unarmed Combat
 16725 | D:15     | HP: 5/126 [red ugly thing (13)]
 16725 | D:15     | HP: 2/126 [red ugly thing (3)]
 16725 | D:15     | Mangled by a red ugly thing

Skill      XL: |  1  2  3  4  5  6  7  8  9 10 11 12 13 14 |
---------------+-------------------------------------------+-----
Unarmed Combat | 1 2 3 4 5 6 7 9 10 11 13 14 15 | 15.0
Fighting       | 3 4 5 6 7 8 9 10 11 12 | 12.2
Dodging        | 3 4 5 6 7 8 9 |  9.1
Armour         | 2 4 5 7 8 9 10 | 10.2
Invocations    | 3 6 9 11 12 | 12.0
Shields        | 2 3 |  3.3
Long Blades    | |  3.3
Throwing       | |  1.7

Action                   |  1- 3 |  4- 6 |  7- 9 | 10-12 | 13-15 || total
-------------------------+-------+-------+-------+-------+-------++-------
Melee: Long sword        |    26 |   114 |    12 |       |       ||   152
       Punch             |       |     5 |    30 |    58 |    23 ||   116
       Unarmed           |       |       |   600 |   761 |   287 ||  1648
       Short sword       |       |       |    19 |       |       ||    19
Invok: Slouch            |       |       |       |     5 |     6 ||    11
Evoke: Wand              |       |       |       |     2 |     1 ||     3
       Lamp of fire      |       |       |       |       |     1 ||     1
  Use: Potion            |       |     3 |     4 |     1 |     3 ||    11
       Scroll            |       |     3 |    12 |    11 |     1 ||    27
 Stab: Distracted        |       |       |       |       |     1 ||     1
  Eat: Chunk             |       |     7 |     9 |     9 |     6 ||    31
       Ration            |       |       |       |     2 |       ||     2
Armor: Leather armour    |     9 |    48 |     8 |       |       ||    65
       Skin              |       |       |     5 |    27 |       ||    32
       Chain mail        |       |       |   252 |   392 |    57 ||   701
       Scale mail        |       |       |       |       |    12 ||    12
Dodge: Dodged            |    23 |   129 |   407 |   888 |   260 ||  1707
Block: Shield            |       |       |       |       |    72 ||    72
       Rpst.: Long sword |     6 |    40 |     3 |       |       ||    49
